 Seeded DCSS version 0.29.0-7-g18a832c13a (webtiles) character file.

Game seed: 2669158788988807451 (custom seed)

12322 voltaire321 the Spear-Bearer (level 11, 0/89 HPs)
             Began as a Merfolk Gladiator on Aug 31, 2022.
             Was a Follower of Makhleb.
             Slain by a thrashing horror (7 damage)
             ... on level 4 of the Abyss on Sept 1, 2022.
             The game lasted 00:43:42 (11087 turns).

voltaire321 the Spear-Bearer (Merfolk Gladiator)   Turns: 11087, Time: 00:43:42

Health: 0/89       AC: 17    Str: 24    XL:     11   Next: 91%
Magic:  16/16      EV: 17    Int:  8    God:    Makhleb [*.....]
Gold:   492        SH:  0    Dex: 19    Spells: 10/10 levels left

rFire   . . .      SeeInvis .   r - +5 demon trident (vamp)
rCold   . . .      Faith    .   U - +0 kite shield
rNeg    . . .      Spirit   .   n - +3 ring mail
rPois   .          Reflect  .   c - +0 helmet
rElec   .          Harm     .   g - +0 cloak
rCorr   .          Rampage  .   m - +0 pair of gloves
Will    .....                   (no boots)
Stlth   ..........              S - amulet of Xuga {Regen+ Str+3}
HPRegen 0.00/turn               k - +4 ring of protection
MPRegen 0.15/turn               e - +6 ring of strength

@: confused, about to teleport, sick, studying Throwing
A: (nimble swimmer 2), mertail
a: Renounce Religion


You were on level 4 of the Abyss.
You worshipped Makhleb.
Makhleb was aware of your devotion.
You visited 2 branches of the dungeon, and saw 12 of its levels.
You visited the Abyss 1 time.
You also visited: Sewer and Ossuary.

You collected 647 gold pieces.
You spent 155 gold pieces at shops.

Inventory:

Hand Weapons
 r - a +5 vampiric demon trident (weapon)
Missiles
 d - 5 throwing nets
 s - 3 silver javelins (quivered)
 N - a javelin
 O - 2 curare-tipped darts
 Q - 18 poisoned darts
Armour
 c - a +0 helmet (worn)
 g - a +0 cloak (worn)
 m - a +0 pair of gloves (worn)
 n - a +3 ring mail (worn)
 U - a +0 kite shield (worn)
Jewellery
 e - a +6 ring of strength (right hand)
 k - a +4 ring of protection (left hand)
 u - a ring of resist corrosion
 S - the amulet of Xuga (around neck) {Regen+ Str+3}
   (You acquired it on level 7 of the Dungeon)

   [amulet of regeneration]

   Str:       It affects your strength (+3).
   Regen:     It increases your rate of health regeneration.
Wands
 h - a wand of paralysis (6)
Scrolls
 o - 4 scrolls of teleportation
 p - 5 scrolls of butterflies
 q - 3 scrolls of enchant armour
 w - 4 scrolls of magic mapping
 I - 2 scrolls of fear
 T - 2 scrolls of silence
Potions
 a - a potion of ambrosia
 b - a potion of heal wounds
 f - a potion of brilliance
 i - 9 potions of curing
 j - a potion of berserk rage
 t - 3 potions of flight
 v - 3 potions of haste
 B - 4 potions of cancellation
 C - a potion of resistance
 D - 3 potions of magic
 G - 2 potions of might
 R - 3 potions of mutation


   Skills:
 + Level 9.3 Fighting
 + Level 11.4 Polearms
 + Level 7.7 Throwing
 + Level 6.2 Armour
 + Level 11.3 Dodging
 + Level 5.4 Shields
 + Level 6.7 Invocations


You had 10 spell levels left.
You didn't know any spells.
Your spell library contained the following spells:

 Spells                   Type           Power      Damage    Failure   Level
 Beastly Appendage        Tmut           0%         N/A       88%         1
 Blink                    Tloc           0%         N/A       95%         2
 Ensorcelled Hibernation  Hex/Ice        0%         N/A       95%         2
 Passwall                 Tmut/Erth      0%         N/A       95%         2
 Wereblood                Tmut           0%         N/A       95%         2
 Ignite Poison            Fire/Tmut/Pois 0%         N/A       99%         3
 Lesser Beckoning         Tloc           0%         N/A       99%         3
 Spider Form              Tmut/Pois      0%         N/A       99%         3
 Swiftness                Air            0%         N/A       99%         3
 Olgreb's Toxic Radiance  Pois           0%         N/A       100%        4
 Summon Ice Beast         Ice/Summ       0%         N/A       100%        4
 Alistair's Intoxication  Tmut/Pois      0%         N/A       100%        5
 Manifold Assault         Tloc           0%         N/A       100%        5


Dungeon Overview and Level Annotations

Branches:
Dungeon (11/15)            Temple (1/1) D:4           Sewer (visited)
Ossuary (visited)
   Lair: D:8-11         Orc: D:9-12

Altars:
Ashenzari
Elyvilon
Hepliaklqana
Kikubaaqudgha
Makhleb
Nemelex Xobeh
Okawaru
Qazlal
Sif Muna
Trog
Uskayaw
Vehumet
Wu Jian

Shops:
D:3 *   D:4 (   D:6 :   D:7 [?[   D:8 (

Annotations:
D:10 exclusion: ice statue
Abyss:4 1 runed translucent door


Innate Abilities, Weirdness & Mutations

((You are very nimble when in or above water. (Stealth+, EV+, Speed+++)))
Your lower body shifts to a powerful aquatic tail in water.


Message History

The thrashing horror tramples you but does no damage.
You block the thrashing horror's attack.
The thrashing horror misses you. x2
The thrashing horror tramples you but does no damage.
The thrashing horror tramples you.
You hold your ground!
The thrashing horror attacks as you move away!
You block the thrashing horror's attack.
The thrashing horror tramples you but does no damage.
The thrashing horror roars!
The thrashing horror tramples you.
* * * LOW HITPOINT WARNING * * *
You stumble backwards!
A glowing orange brain comes into view.
The thrashing horror roars!
The glowing orange brain turns its attention towards you.
The thrashing horror barely misses you. The thrashing horror tramples you.
* * * LOW HITPOINT WARNING * * *
You hold your ground!
The glowing orange brain pulsates.
There is a gateway leading deeper into the Abyss here.
The thrashing horror roars!
The raiju barks!
You block the thrashing horror's attack.
The thrashing horror completely misses you.
The glowing orange brain pulsates.
You are confused.
The thrashing horror tramples you.
* * * LOW HITPOINT WARNING * * *
You are shoved backwards!
You stop descending the stairs.
The thrashing horror tramples you!
* * * LOW HITPOINT WARNING * * *
You hold your ground!
The thrashing horror tramples you but does no damage.
The thrashing horror attacks as you move away!
The thrashing horror closely misses you.
The thrashing horror tramples you!
* * * LOW HITPOINT WARNING * * *
The thrashing horror tramples you but does no damage.
The thrashing horror completely misses you.
The thrashing horror barely misses you. The thrashing horror tramples you!
You die...

.. #G ## ....#...
.#.... .......h .
.... .........#. ...
# ##.....#.#.# ..##.
.....#...#.# .....
........h..##..#
##........>X#.#
....#.#....#@#... #
#...#...###......#
#.#~~#.#....#..#.###
...~~#....#...###
... .~~.##.#...#..
...##♣.♣.####.#..#
#....#~~~##.###. .
...#.~~.......... #.
#.#.~. .####.#


You could see a thrashing horror and a raiju (summoned).

Vanquished Creatures
  Erolcha (D:9)
  A two-headed ogre (D:10)
  A skeletal warrior (D:10)
  Pikel (D:8)
  The ghost of ragingrage the Cleaver, a novice MiGl of Okawaru (D:8)
  Psyche (D:8)
  Maggie (D:7)
  A komodo dragon (D:11)
  An ancient zyme (Abyss:4)
  3 trolls
  2 shadows
  A wraith (D:10)
  12 yaks
  2 wyverns
  A small abomination (Abyss:2)
  2 steam dragons
  An acid dragon (D:11)
  A black bear (D:4)
  2 orc warriors
  A sky beast (D:8)
  3 centaurs
  4 kobold brigands
  3 elf zombies (D:4)
  2 bullfrogs
  Blork the orc (D:5)
  A necrophage (D:6)
  2 scorpions
  2 elf skeletons (D:4)
  5 killer bees (D:10)
  A howler monkey (D:8)
  3 hounds (D:6)
  A centaur zombie (Ossuary)
  3 jellies
  2 gnoll boudas
  3 orc priests
  3 human skeletons (D:4)
  An iguana (D:4)
  Terence (D:2)
  3 orc wizards (D:7)
  5 mummies (Ossuary)
  Robin (D:2)
  11 gnolls
  4 adders
  5 river rats
  2 shadow imps
  A white imp (D:6)
  8 dart slugs
  10 orcs
  4 endoplasms
  6 giant cockroaches
  2 gnoll zombies (Ossuary)
  7 hobgoblins
  7 jackals
  27 kobolds
  5 quokkas
  4 ball pythons
  A bat (D:2)
  2 frilled lizards
  11 goblins
  2 goblin zombies (Ossuary)
  3 hobgoblin zombies (Ossuary)
  2 orc skeletons (D:4)
  An orc zombie (D:4)
  9 rats
221 creatures vanquished.

Vanquished Creatures (others)
  A kobold (D:7)
  10 fungi (D:5)
  4 toadstools (D:5)
15 creatures vanquished.

Grand Total: 236 creatures vanquished

Notes
Turn   | Place    | Note
-------+----------+-------------------------------------------
     0 | D:1      | voltaire321 the Merfolk Gladiator began the quest for the
                  | Orb.
     0 | D:1      | Reached XP level 1. HP: 16/16 MP: 1/1
   117 | D:1      | Reached XP level 2. HP: 23/23 MP: 2/2
   471 | D:1      | Found a faded altar of an unknown god.
   716 | D:1      | Reached XP level 3. HP: 22/28 MP: 3/3
  1109 | D:2      | Noticed Terence
  1133 | D:2      | Killed Terence
  1149 | D:2      | Reached XP level 4. HP: 27/34 MP: 4/4
  1280 | D:2      | Noticed Robin
  1300 | D:2      | Reached skill level 1 in Armour
  1333 | D:2      | Killed Robin
  2219 | D:2      | Identified the +2 cloak of Jupp {-Tele Will+ Dex+6}
  2553 | D:3      | Reached XP level 5. HP: 41/41 MP: 5/5
  2560 | D:3      | Reached skill level 5 in Dodging
  2564 | D:3      | Reached skill level 5 in Polearms
  2574 | D:3      | Found a glowing drain.
  2585 | Sewer    | Entered a sewer
  2773 | Sewer    | Noticed a kobold brigand
  2818 | Sewer    | Killed a kobold brigand
  2819 | Sewer    | Reached XP level 6. HP: 37/48 MP: 6/6
  2927 | Sewer    | Found a white marble altar of Elyvilon.
  2993 | D:3      | Found Buucaef's Assorted Antiques.
  3000 | D:3      | Bought a scroll of identify for 50 gold pieces
  3870 | D:4      | Found a sand-covered staircase.
  3897 | D:4      | Reached skill level 1 in Shields
  3897 | D:4      | Reached XP level 7. HP: 53/54 MP: 7/7
  4017 | Ossuary  | Entered an ossuary
  4445 | D:4      | Reached XP level 8. HP: 60/61 MP: 8/8
  4451 | D:4      | Found a staircase to the Ecumenical Temple.
  4873 | D:4      | Found Ebinos's Weapon Emporium.
  4875 | D:4      | Identified the +0 pair of boots "Hassox" {rPois rC- Will+}
  4909 | D:5      | Entered Level 5 of the Dungeon
  5344 | D:5      | Found a sparkling altar of Nemelex Xobeh.
  5355 | D:5      | Found a bloodstained altar of Trog.
  5436 | D:5      | Noticed Blork the orc
  5441 | D:5      | Killed Blork the orc
  5442 | D:5      | Reached skill level 5 in Fighting
  6574 | D:6      | Found Ruim's Tremendous Tomes.
  6807 | D:6      | Reached skill level 5 in Throwing
  6807 | D:6      | Reached XP level 9. HP: 37/68 MP: 9/9
  7253 | D:7      | Identified the +2 flail "Merfolk's Foe" {vorpal, Int+4
                  | Dex+2}
  7788 | D:7      | Noticed Maggie
  7796 | D:7      | Identified 3 scrolls of acquirement
  7796 | D:7      | Acquired the amulet of Xuga {Regen+ Str+3}
  7871 | D:7      | Killed Maggie
  8256 | D:7      | Found Biseur's Armour Emporium.
  8267 | D:7      | Bought a +0 kite shield for 63 gold pieces
  8412 | D:7      | Found Xeuheo's Antique Armour Boutique.
  8430 | D:7      | Acquired a manual of Throwing
  8432 | D:7      | Acquired a +3 demon trident of freezing
  8583 | Temple   | Entered the Ecumenical Temple
  8605 | Temple   | Became a worshipper of Makhleb the Destroyer
  8775 | D:7      | Found Uzeadwal's Magic Scroll Emporium.
  8785 | D:7      | Bought a scroll of teleportation for 42 gold pieces
  8971 | D:8      | Reached skill level 10 in Polearms
  8971 | D:8      | Reached skill level 5 in Armour
  8971 | D:8      | Reached skill level 10 in Dodging
  8971 | D:8      | Reached skill level 5 in Invocations
  8971 | D:8      | Reached XP level 10. HP: 80/80 MP: 9/13
  9003 | D:8      | Noticed Psyche
  9070 | D:8      | Killed Psyche
  9120 | D:8      | You fall into a shaft and drop 3 floors!
  9173 | D:10     | Entered Level 10 of the Dungeon
  9279 | D:9      | Got the Disquisition on Chilled Envenoming
  9286 | D:8      | Found a large runed translucent door.
  9286 | D:8      | Found a large runed translucent door.
  9525 | D:8      | Noticed ragingrage's ghost (novice MiGl)
  9611 | D:8      | Found Xukahim's Weapon Shoppe.
  9626 | D:8      | Noticed Pikel
  9651 | D:8      | Killed Pikel
  9652 | D:8      | Reached XP level 11. HP: 82/87 MP: 15/15
 10143 | D:8      | Killed ragingrage's ghost
 10308 | D:9      | Reached * piety under Makhleb
 10355 | D:9      | Found an ancient bone altar of Kikubaaqudgha.
 10364 | D:9      | Noticed Erolcha
 10369 | D:9      | Killed Erolcha
 10370 | D:9      | Reached skill level 5 in Shields
 10516 | D:9      | Found a white marble altar of Elyvilon.
 10679 | D:10     | Found a hazy altar of Hepliaklqana.
 10735 | D:10     | Noticed a two-headed ogre
 10747 | D:10     | Killed a two-headed ogre
 10824 | D:10     | Noticed a skeletal warrior
 10839 | D:10     | Killed a skeletal warrior
 10961 | D:10     | Noticed a wizard
 10980 | Abyss:2  | Cast into level 2 of the Abyss (a wizard)
 11035 | Abyss:2  | Noticed a black draconian
 11035 | Abyss:2  | Noticed a rakshasa
 11037 | Abyss:3  | Found a corrupted altar of Lugonu.
 11072 | Abyss:4  | Found a runed translucent door.
 11073 | Abyss:4  | Noticed a thrashing horror
 11074 | Abyss:4  | Noticed a thrashing horror
 11075 | Abyss:4  | Noticed a starcursed mass
 11085 | Abyss:4  | Noticed a glowing orange brain
 11087 | Abyss:4  | Slain by a thrashing horror

Illustrated notes

Levels and vault maps discovered:
D:1:      dpeg_arrival_court, layout_loops_cross, basic_ecumenical_altar,
          minmay_cupped
D:2:      layout_basic, uniq_terence, uniq_robin
D:3:      layout_loops_ring, serial_shops, nicolae_shop_crystal,
          portal_sewer_entry_b, grunt_decor_cap, hex_tiny, columned_hall_lemuel
D:4:      layout_basic, minmay_temple_entry_ruins,
          nicolae_ossuary_entry_catacombs, serial_shops, nicolae_lakefront_shop,
          minivault_24
D:5:      layout_basic, mainiacjoe_overflow_catwalk_spiral,
          minmay_gold_behind_fungi, uniq_blork_the_orc
D:6:      layout_loops_cross, chequers_serial_rivers_room_b,
          nicolae_shop_i_like_big_books, minmay_increasing_density
D:7:      layout_loops_cross, serial_shops, nicolae_stop_n_shop_1, shop, shop,
          uniq_maggie
D:8:      layout_rooms, ebering_ghost_disaster_area, serial_shops,
          nicolae_shop_trees, serial_co_window_serial, co_window_corner_a,
          co_window_paths_a, co_window_paths_a, co_window_paths_a,
          co_window_paths_b, co_window_paths_b, co_window_broadway_c,
          co_window_corner_b, co_window_broadway_b, co_window_2corner,
          co_window_cross_3, glass_columns_a, glass_columns_b, uniq_psyche,
          uniq_pikel
D:9:      layout_rooms, elyvilon_altar_4, mainiacjoe_overflow_catwalk,
          uniq_erolcha
D:10:     layout_irregular_city, zin_scriptorium,
          nicolae_hepliaklqana_hazy_memory, lair_entry_dummy,
          serial_column_ruins, column_ruins_hut, column_ruins_hut,
          column_ruins_corridor_straight, column_ruins_open_tiny,
          column_ruins_open_tiny, column_ruins_open_tiny, column_ruins_grid_1,
          minivault_16, dk_noncrumbling_2, nrook_pool_corridor
D:11:     layout_irregular_city, nicolae_lava_and_water, hangedman_misty_isle
Temple:   eino_temple_scatter_basement
Abyss:4:  base: D:9, minivault_20, minivault_13, nicolae_abyss_rune_star_stuff

Skill      XL: |  1  2  3  4  5  6  7  8  9 10 11 |
---------------+----------------------------------+-----
Armour         | 1 2 3 5 6 |  6.2
Fighting       | 3 4 5 8 9 |  9.3
Dodging        | 5 6 7 10 11 | 11.3
Polearms       | 5 6 7 10 11 | 11.4
Throwing       | 3 4 5 6 7 |  7.7
Shields        | 1 2 3 4 5 |  5.4
Invocations    | 5 6 |  6.7

Action                   |  1- 3 |  4- 6 |  7- 9 | 10-12 || total
-------------------------+-------+-------+-------+-------++-------
Melee: Trident           |    90 |   282 |   514 |       ||   886
       Tailslap          |       |     5 |       |       ||     5
       Punch             |       |     2 |       |       ||     2
       Demon trident     |       |       |       |   310 ||   310
Throw: Javelin           |       |     1 |     3 |     1 ||     5
       Dart              |       |       |     9 |     5 ||    14
Evoke: Wand              |       |       |     9 |       ||     9
  Use: Scroll            |       |     4 |    23 |     5 ||    32
       Potion            |       |       |     4 |     1 ||     5
 Stab: Sleeping          |     1 |       |       |       ||     1
Armor: Leather armour    |    22 |    17 |       |       ||    39
       Ring mail         |       |    70 |   164 |    76 ||   310
Dodge: Dodged            |    53 |   154 |   253 |   183 ||   643
Block: Buckler           |       |    10 |   106 |       ||   116
       Kite shield       |       |       |       |   149 ||   149
